 Dungeon Crawl Stone Soup version 0.27-a0-1217-g8a41f320e8 (webtiles) character file.

Game seed: 5801843882812875938

367 polve the Skirmisher (level 6, -2/50 HPs)
             Began as a Demonspawn Abyssal Knight on June 5, 2021.
             Was a Believer of Lugonu.
             Slain by an ogre
             ... wielding a +0 giant club
              (21 damage)
             ... on level 4 of the Dungeon.
             The game lasted 00:06:39 (4328 turns).

polve the Skirmisher (Demonspawn Abyssal Knight)    Turns: 4328, Time: 00:06:40

Health: -2/50      AC: 14    Str: 14    XL:     6   Next: 41%
Magic:  0/7        EV:  4    Int: 13    God:    Lugonu [**....]
Gold:   168        SH:  0    Dex: 13    Spells: 5/5 levels left

rFire    . . .     SeeInvis .   a - +1 short sword
rCold    . . .     Faith    .   (no shield)
rNeg     . . .     Spirit   +   d - +0 plate armour
rPois    .         Reflect  .   e - +0 helmet
rElec    .         Harm     .   (no cloak)
rCorr    .         Rampage  .   (no gloves)
Will     .....                  (no boots)
Stlth    ..........             c - amulet of guardian spirit
HPRegen  0.16/turn              (no ring)
MPRegen  0.10/turn              (no ring)

@: no status effects
A: icy blue scales 1, powered by pain 1, spiny 1
a: Renounce Religion, Depart the Abyss, Bend Space


You were on level 4 of the Dungeon.
You worshipped Lugonu.
Lugonu was pleased with you.
You visited 1 branch of the dungeon, and saw 4 of its levels.
You visited the Abyss 1 time.

You collected 168 gold pieces.

Inventory:

Hand Weapons
 a - a +1 short sword (weapon)
Missiles
 g - 10 boomerangs of dispersal
Armour
 b - a +0 leather armour
 d - a +0 plate armour (worn)
 e - a +0 helmet (worn)
Jewellery
 c - an amulet of guardian spirit (around neck)
 m - a ring of resist corrosion
Wands
 i - a wand of mindburst (13)
Scrolls
 f - 4 scrolls of identify {unknown}
 h - 3 scrolls of silence {unknown}
 j - a scroll of fear {unknown}
 k - a scroll of magic mapping {unknown}
 n - a scroll of teleportation {unknown}
 p - a scroll of enchant weapon {unknown}
Potions
 l - a potion of degeneration {unknown}
 o - a potion of attraction {unknown}


   Skills:
 * Level 4.8 Fighting
 - Level 4.0 Short Blades
 + Level 2.9 Armour
 + Level 2.3 Dodging
 - Level 2.4 Invocations


You had 5 spell levels left.
You didn't know any spells.
Your spell library was empty.

Dungeon Overview and Level Annotations

Branches:
Dungeon (4/15)
 Temple: D:4-7

Altars:


Innate Abilities, Weirdness & Mutations

You are partially covered in icy blue scales. (AC +2)
You sometimes gain a little power by taking damage.
You are partially covered in sharp spines.


Message History

Found a scroll labelled HEVYCO OKUSY.
An ogre is nearby!
An orc comes into view. It is wielding a +0 mace.
The orc shouts!
You hear a shout! x2
An orc comes into view. It is wielding a +0 club.
There are monsters nearby!
There are monsters nearby!
An orc comes into view. It is wielding a +0 dagger.
The ogre is struck by your spines.
The ogre hits you with a +0 giant club!!
You focus on the pain.
You feel your power returning.
You are too injured to fight recklessly!
You are too injured to fight recklessly!
You are too injured to fight recklessly!
The orc throws a boomerang.
The boomerang hits you.
The orc throws a boomerang.
The boomerang hits you.
You hit the orc.
The orc is severely wounded.
The orc hits you but does no damage.
You hit the orc.
You kill the orc!
Lugonu accepts your kill.
Your life force feels restored.
You hit the ogre.
The ogre is moderately wounded.
You hit the ogre but do no damage.
The ogre is moderately wounded.
The ogre completely misses you.
You hit the ogre.
The ogre is moderately wounded.
The ogre is struck by your spines. The ogre hits you with a +0 giant club!
Your plate armour prevents you from hitting the ogre.
The ogre is moderately wounded.
The ogre is struck by your spines. The ogre hits you but does no damage.
You barely miss the ogre.
The ogre is heavily wounded.
You closely miss the ogre.
The ogre is heavily wounded.
The ogre hits you with a +0 giant club!!
You die...

#.....................
#.########.............
##.# #.............
...########..........(.
.####..........####..##
.†....##########
#...### #####..#####
##....... ##.....#
#.....# #####.###
#@#...# #...###O#..#
###..##o#.)# ##.#
##...o...##.....
#.......#.....###
##†.............#
#.####..............#
#....†...............
....>...#..#..o...?...


You could see an ogre and 2 orcs.

Vanquished Creatures
  Sigmund (D:2)
  An orc priest (D:3)
  An iguana (D:3)
  An orc wizard (D:3)
  3 gnolls (D:3)
  3 adders
  A worm (D:3)
  3 dart slugs
  10 orcs
  4 endoplasms
  2 giant cockroaches (D:3)
  2 goblins
  3 hobgoblins
  9 jackals
  A quokka (D:4)
  2 ball pythons
  7 bats
  4 frilled lizards
  5 kobolds
  6 rats
69 creatures vanquished.

Notes
Turn   | Place    | Note
-------+----------+-------------------------------------------
     0 | Abyss:1  | polve the Demonspawn Abyssal Knight began the quest for the
                  | Orb.
     0 | Abyss:1  | Reached XP level 1. HP: 18/18 MP: 2/2
     5 | Abyss:1  | Noticed a brown very ugly thing
    26 | D:1      | Escaped the Abyss
   118 | D:1      | Found a faded altar of an unknown god.
   350 | D:1      | Reached * piety under Lugonu
   374 | D:1      | Gained mutation: You are partially covered in icy blue
                  | scales. (AC +2) [demonic ancestry]
   374 | D:1      | Reached XP level 2. HP: 23/24 MP: 3/3
  1040 | D:2      | Gained mutation: You are partially covered in sharp spines.
                  | [demonic ancestry]
  1040 | D:2      | Reached XP level 3. HP: 26/29 MP: 4/4
  1699 | D:2      | Noticed Sigmund
  2236 | D:2      | Killed Sigmund
  2237 | D:2      | Reached skill level 1 in Dodging
  2237 | D:2      | Gained mutation: You sometimes gain a little power by
                  | taking damage. [demonic ancestry]
  2237 | D:2      | Reached XP level 4. HP: 20/37 MP: 3/5
  2237 | D:2      | Reached XP level 5. HP: 23/42 MP: 3/6
  2822 | D:3      | Reached ** piety under Lugonu
  3300 | D:3      | Reached XP level 6. HP: 23/44 MP: 3/7
  4328 | D:4      | Slain by an ogre

Illustrated notes

Levels and vault maps discovered:
D:1:      dpeg_arrival_simpleton_b, layout_rooms,
          hellmonk_ecumenical_altar_heavens_door, serial_bayou_crossing
D:2:      layout_loops_corners, uniq_sigmund
D:3:      layout_loops_ring, st_stairs_9, dk_noncrumbling_4, nrook_loot_triangle
D:4:      layout_rooms

Skill      XL: |  1  2  3  4  5 |
---------------+----------------+-----
Short Blades   | 2 3 4 |  4.0
Armour         | 2 |  2.9
Dodging        | 1 2 |  2.3
Fighting       | 4 |  4.8
Invocations    | |  2.4

Action                   |  1- 3 |  4- 6 || total
-------------------------+-------+-------++-------
Melee: Short sword       |   127 |   126 ||   253
Invok: Depart the Abyss  |     1 |       ||     1
  Use: Potion            |     1 |       ||     1
Armor: Plate armour      |   135 |    70 ||   205
       Leather armour    |     3 |       ||     3
Dodge: Dodged            |    25 |    26 ||    51

Table legend: (Time is in decaauts)
 A = Elapsed time spent in this place.
 B = Non-inter-level travel time spent in this place.
 C = Inter-level travel time spent in this place.
 D = Time resting spent in this place.
 E = Time spent auto-exploring this place.
 F = Levels seen in this place.
 G = Mean time per level.
                   A        B        C        D        E       F      G
               +--------+--------+--------+--------+--------+-----+--------+
         Total |   4318 |   4234 |     84 |    100 |   3559 |   5 |  863.6 |
       Dungeon |   4292 |   4208 |     84 |    100 |   3554 |   4 | 1073.0 |
         Abyss |     26 |     26 |      0 |      0 |      5 |   1 |   26.0 |
               +--------+--------+--------+--------+--------+-----+--------+

Top non-repeatable levels by time:
     D:2: 1633 daAuts
     D:3: 1258 daAuts
     D:1: 1234 daAuts
     D:4: 165 daAuts
 Abyss:1: 26 daAuts
